 Dungeon Crawl Stone Soup version 0.32-a0-629-g87aaac5c70 (webtiles) character file.

Game seed: 7080710735087537057

739 SweBe the Cutter (level 7, -1/68 HPs)
             Began as a Troll Fighter on Mar 6, 2024.
             Was a Believer of Fedhas.
             Slain by a black bear (4 damage)
             ... on level 5 of the Dungeon.
             The game lasted 00:24:22 (3231 turns).

SweBe the Cutter (Troll Fighter)                    Turns: 3231, Time: 00:24:22

Health: -1/68      AC:  7    Str: 25    XL:     7   Next: 46%
Magic:  6/6        EV:  9    Int:  6    God:    Fedhas [**....]
Gold:   176        SH:  8    Dex:  9    Spells: 6/6 levels left

rFire   . . .        a - +1 rapier (flame)
rCold   . . .        c - +0 kite shield
rNeg    . . .        b - +0 robe
rPois   +            (helmet restricted)
rElec   .            k - +2 cloak
rCorr   .            (gloves unavailable)
SInv    +            (boots unavailable)
Will    .....        (no amulet)
Stlth   +            l - ring of poison resistance
HPRegen 1.11/turn    (no ring)
MPRegen 0.10/turn

%: no passive effects
@: hasted, very quick
A: large, unfitting armour, claws 3, regeneration 1, shaggy fur 1, tough skin 1
a: Renounce Religion, Wall of Briars


You were on level 5 of the Dungeon.
You worshipped Fedhas.
Fedhas was pleased with you.
You visited 1 branch of the dungeon, and saw 5 of its levels.

You collected 176 gold pieces.

Inventory:

Hand Weapons
 a - a +1 rapier of flaming (weapon)
 d - a +2 dagger of speed
Armour
 b - a +0 robe (worn)
 c - a +0 kite shield (worn)
 e - a +0 pair of boots
 k - a +2 cloak (worn)
Jewellery
 l - a ring of poison resistance (left claw)
Scrolls
 g - a scroll of amnesia
Potions
 f - a potion of enlightenment
 i - a potion of brilliance


   Skills:
 + Level 3.8 Fighting
 + Level 4.3 Short Blades
 + Level 4.1 Dodging
 + Level 0.5 Stealth
 + Level 4.2 Shields


You had 6 spell levels left.
You didn't know any spells.
Your spell library contained the following spells:

 Spells                   Type           Power      Damage    Failure   Level
 Kiss of Death            Conj/Necr      0%         2d5       71%         1
 Confusing Touch          Hex            0%         N/A       97%         3
 Dispel Undead            Necr           0%         3d6       100%        4


Dungeon Overview and Level Annotations

Branches:
Dungeon (5/15)             Temple (0/1) D:5

Altars:
Ashenzari
Elyvilon
Fedhas
Gozag
Sif Muna
Xom

Annotations:
D:5 Pikel


Innate Abilities, Weirdness & Mutations

You are too large for most types of armour.
You have claws for hands.
Your natural rate of healing is unusually fast.
You are covered in fur. (AC +1)
You have tough skin. (AC +1)


Message History

The lemure attacks as it pursues you! The lemure closely misses you.
The black bear rages.
The black bear attacks as it pursues you!
The black bear barely misses you. You block the black bear's attack. x2
The black bear bites you but does no damage.
The black bear claws you but does no damage. x2
The lemure attacks as it pursues you! The lemure hits you.
You block the black bear's attack. x3
The lemure shouts!
Pikel hits you with a +1 whip of electrocution.
The black bear bites you. The black bear barely misses you.
The black bear claws you but does no damage.
Pikel attacks as he pursues you!
Pikel hits you with a +1 whip of electrocution.
Pikel attacks as he pursues you! Pikel hits you but does no damage.
The lemure hits you. Pikel attacks as he pursues you! You block Pikel's attack.
The lemure attacks as it pursues you! The lemure hits you!
The black bear rages.
The lemure attacks as it pursues you! The lemure hits you but does no damage.
The lemure attacks as it pursues you! The lemure hits you.
The lemure attacks as it pursues you! The lemure hits you.
Pikel hits you with a +1 whip of electrocution!
* * * LOW HITPOINT WARNING * * *
You block the lemure's attack. Pikel waves his whip at you.
The black bear bites you but does no damage.
The black bear closely misses you. The black bear barely misses you.
You feel yourself speed up. Pikel waves his whip at you.
Pikel hits you but does no damage.
You are electrocuted!
* * * LOW HITPOINT WARNING * * *
The black bear closely misses you. You block the black bear's attack.
The black bear claws you.
* * * LOW HITPOINT WARNING * * *
As you read the scroll labelled GUSEUHENNI, it crumbles to dust.
You feel aware of your surroundings.
It was a scroll of revelation.
You block Pikel's attack. The black bear bites you.
You die...
Fedhas appreciates your contribution to the ecosystem.

############### ###############
********###############
*,,,,,,,........################
*,,,,,,,...!....#..........#....
********######..#..........#....
******* *#≈§###..#..........#....
*ß,,,ß***≈≈§≈≈#.@########...##...
*,,,,,**,..≈≈.5#Kh......#...##...
*,,>,,+,,§......55......'..>.....
*,,,,,**~§......5.......#........
*ß,,,ß***§§##..#........#........
******* *#######........#........
*******########........######...
*,,,,,,..........#'#####,,,*####
*,,,,,,..........#...*,,,,,*,,,,


You could see Pikel, a black bear (berserk) and 4 lemures.

Vanquished Creatures
  A water moccasin (D:5)
  An ice beast (D:5)
  2 phantoms
  A scorpion (D:4)
  2 bombardier beetles
  2 orc priests
  An orc wizard (D:5)
  2 gnolls (D:5)
  5 adders
  4 river rats (D:5)
  A dart slug (D:4)
  9 orcs
  9 bats
  6 endoplasms
  4 giant cockroaches (D:1)
  8 goblins
  5 hobgoblins
  4 jackals
  7 kobolds
  4 quokkas
  7 ball pythons
  A frilled lizard (D:1)
  3 rats
89 creatures vanquished.

Notes
Turn   | Place    | Note
-------+----------+-------------------------------------------
     0 | D:1      | SweBe the Troll Fighter began the quest for the Orb.
     0 | D:1      | Reached XP level 1. HP: 22/22 MP: 0/0
    69 | D:1      | Reached XP level 2. HP: 19/29 MP: 1/1
   530 | D:1      | Found a faded altar of an unknown god.
   536 | D:1      | Prayed at the altar of an unknown god.
   536 | D:1      | Became a worshipper of Fedhas Madash
   536 | D:1      | Reached * piety under Fedhas
   555 | D:1      | Reached XP level 3. HP: 36/36 MP: 2/2
   651 | D:2      | You fall into a shaft and drop 1 floor!
  1756 | D:4      | Found a shimmering altar of Xom.
  1846 | D:4      | Noticed a phantom
  1866 | D:4      | Reached XP level 4. HP: 27/44 MP: 3/3
  1891 | D:4      | Killed a phantom
  1892 | D:4      | Reached XP level 5. HP: 35/53 MP: 4/4
  1975 | D:4      | Found a shimmering blue altar of Sif Muna.
  2255 | D:4      | Reached ** piety under Fedhas
  2279 | D:4      | Found an opulent altar of Gozag.
  2384 | D:4      | Found a blossoming altar of Fedhas.
  2400 | D:4      | Reached XP level 6. HP: 61/61 MP: 5/5
  2644 | D:5      | Entered Level 5 of the Dungeon
  2708 | D:5      | Found a white marble altar of Elyvilon.
  2746 | D:5      | Noticed a water moccasin
  2769 | D:5      | Killed a water moccasin
  2898 | D:5      | Noticed an ice beast
  2921 | D:5      | Killed an ice beast
  2922 | D:5      | Reached XP level 7. HP: 46/68 MP: 6/6
  3082 | D:5      | Found a broken altar of Ashenzari.
  3212 | D:5      | Noticed Pikel
  3230 | D:5      | HP: 2/68 [black bear (2)]
  3231 | D:5      | Slain by a black bear

Illustrated notes

Levels and vault maps discovered:
D:1:      minmay_arrival_four_houses, layout_rooms,
          chequers_ecumenical_altar_grove, chequers_serial_rivers_marsh
D:2:      layout_rooms, serial_shops, nicolae_shop_gaudy_bauble,
          uniq_crazy_yiuf_cottage, uniq_robin, uniq_natasha
D:3:      layout_basic, st_stairs_12
D:4:      layout_loops_ring, general_overflow_altar, marbit_many_paths,
          fedhas_altar_fruit_tree, mainiacjoe_overflow_paths,
          minmay_fractal_squares_gapless_5
D:5:      wad_woods_tower, layout_gridville, evilmike_ruin_ashenzari,
          elyvilon_altar_1, minmay_temple_entry_fiery, uniq_pikel

Skill      XL: |  1  2  3  4  5  6  7 |
---------------+----------------------+-----
Shields        | 3 4 |  4.2
Short Blades   | 2 3 4 |  4.3
Dodging        | 3 4 |  4.1
Fighting       | 3 |  3.8
Stealth        | |  0.5

Action                     |  1- 3 |  4- 6 |  7- 9 || total
---------------------------+-------+-------+-------++-------
  Melee: Rapier            |   202 |   206 |    51 ||   459
    Use: Scroll            |     3 |     5 |     1 ||     9
         Potion            |     2 |     1 |     1 ||     4
   Stab: Invisible         |     1 |       |       ||     1
 Armour: Robe              |   192 |   139 |    53 ||   384
  Dodge: Dodged            |   111 |    62 |    29 ||   202
  Block: Kite shield       |   129 |    85 |    43 ||   257

Table legend: (Time is in decaauts)
 A = Elapsed time spent in this place.
 B = Non-inter-level travel time spent in this place.
 C = Inter-level travel time spent in this place.
 D = Time resting spent in this place.
 E = Time spent auto-exploring this place.
 F = Levels seen in this place.
 G = Mean time per level.
                   A        B        C        D        E       F      G
               +--------+--------+--------+--------+--------+-----+--------+
         Total |   3317 |   3244 |     73 |      0 |   1693 |   5 |  663.4 |
       Dungeon |   3317 |   3244 |     73 |      0 |   1693 |   5 |  663.4 |
               +--------+--------+--------+--------+--------+-----+--------+

Top non-repeatable levels by time:
     D:3: 1061 daAuts
     D:4: 968 daAuts
     D:1: 656 daAuts
     D:5: 606 daAuts
     D:2: 23 daAuts
